 Dungeon Crawl Stone Soup version 0.30.0-5-g1a98f26d00 (webtiles) character file.

Game seed: 9209706819228284489

304570 SnakkuSnakku7 the Alchemist (level 20, -27/190 HPs)
             Began as a Deep Elf Transmuter on May 11, 2023.
             Was the Champion of Cheibriados.
             Annihilated by a vault warden simulacrum (33 damage)
             ... on level 3 of the Vaults.
             The game lasted 01:22:02 (37825 turns).

SnakkuSnakku7 the Alchemist (Deep Elf Transmuter)  Turns: 37825, Time: 01:22:03

Health: -27/190    AC: 20    Str: 32    XL:     20   Next: 26%
Magic:  34/38      EV: 19    Int: 43    God:    Cheibriados [******]
Gold:   3038       SH:  0    Dex: 30    Spells: 7/43 levels left

rFire   + + .        i - melded staff of cold "Rehy" {*Corrode rC+ Str+2 Int+6 SInv}
rCold   x . .        K - melded +2 buckler {AC+3}
rNeg    . . .        T - melded +0 fire dragon scales
rPois   +            v - melded +2 helmet
rElec   .            E - melded +2 cloak
rCorr   .            X - melded +2 pair of gloves
SInv    .            (boots currently unavailable)
Will    +++..        U - amulet of the acrobat
Stlth   ++           Y - ring of willpower
HPRegen 0.51/turn    B - +4 ring of protection
MPRegen 0.26/turn

%: acrobat
@: dragon-form, flying, very slow
A: dragon claw, dragon scales, breathe fire, flying, boosted hp, giant
}: 2/15 runes: serpentine, barnacled
a: Breathe Fire, End Transformation, Renounce Religion, Bend Time, Temporal
Distortion, Slouch, Step From Time


You were on level 3 of the Vaults.
You worshipped Cheibriados.
Cheibriados was exalted by your worship.
You were a fearsome dragon!
You visited 7 branches of the dungeon, and saw 34 of its levels.
You also visited: Ossuary, Bailey and Ice Cave.

You collected 5956 gold pieces.
You spent 2918 gold pieces at shops.

Inventory:

Missiles
 m - 3 throwing nets
 C - a curare-tipped dart
Armour
 n - a +0 kite shield of protection
 v - a +2 helmet (melded)
 E - a +2 cloak (melded)
 K - a +2 buckler of protection (melded)
 T - +0 fire dragon scales (melded)
 X - a +2 pair of gloves (melded)
Magical Staves
 b - a staff of air
 i - the staff of cold "Rehy" (melded) {*Corrode rC+ Str+2 Int+6 SInv}
   (You acquired it on level 3 of the Dungeon)

   [staff of cold]

   Base accuracy: +5 Base damage: 5 Base attack delay: 1.2 This weapon's minimum
   attack delay (0.6) is reached at skill level 12.
   Str:       It affects your strength (+2).
   Int:       It affects your intelligence (+6).
   rC:        It protects you from cold.
   SInv:      It lets you see invisible.
   *Corrode:  It may corrode you when you take damage.
   It falls into the 'Staves' category.
   It is a one-handed weapon.
Jewellery
 k - a +5 ring of evasion
 o - a +6 ring of dexterity
 B - a +4 ring of protection (right foreclaw)
 Q - a ring of ice
 U - an amulet of the acrobat (around neck)
 V - a ring of fire
 Y - a ring of willpower (left foreclaw)
Wands
 f - a wand of roots (18)
 p - a wand of paralysis (32)
 q - a wand of digging (18)
 G - a wand of flame (53)
 P - a wand of acid (22)
Scrolls
 g - 2 scrolls of immolation
 l - 7 scrolls of teleportation
 r - a scroll of blinking
 s - 7 scrolls of fog
 t - 7 scrolls of enchant armour
 w - 5 scrolls of amnesia
 y - 3 scrolls of poison
 z - 3 scrolls of magic mapping
 D - 5 scrolls of vulnerability
 I - a scroll of silence
 L - 20 scrolls of identify
 Z - a scroll of fear
Potions
 c - 4 potions of invisibility
 d - 11 potions of curing
 e - 2 potions of berserk rage
 h - 6 potions of cancellation
 j - a potion of heal wounds
 u - 5 potions of resistance
 x - 4 potions of might
 A - 9 potions of brilliance
 F - 7 potions of flight
 H - 7 potions of mutation
 J - 7 potions of magic
 O - 3 potions of attraction
Miscellaneous
 a - a phantom mirror
 N - a phial of floods


   Skills:
 - Level 14.1 Fighting
 - Level 1.6 Armour
 - Level 12.0 Dodging
 - Level 5.0 Shields
 + Level 15.3 Unarmed Combat
 - Level 12.0 Spellcasting
 - Level 5.0 Conjurations
 - Level 15.0 Necromancy
 - Level 8.0 Translocations
 - Level 15.9 Transmutations
 - Level 4.0 Ice Magic
 - Level 10.0 Air Magic
 - Level 2.0 Poison Magic
 - Level 10.0 Invocations
 - Level 8.0 Evocations


You had 7 spell levels left.
You knew the following spells:

 Your Spells              Type           Power      Damage    Failure   Level
a - Freezing Cloud        Conj/Ice/Air   34%        6-21      2%          5
b - Wereblood             Tmut           100%       N/A       0%          2
c - Infestation           Necr           50%        N/A       16%         8
d - Ice Form              Ice/Tmut       84%        N/A       1%          4
e - Beastly Appendage     Tmut           100%       N/A       0%          1
f - Alistair's Intoxicat  Tmut/Pois      53%        N/A       1%          5
g - Passage of Golubria   Tloc           76%        N/A       1%          4
h - Dragon Form           Tmut           52%        N/A       1%          7

Your spell library contained the following spells:

 Spells                   Type           Power      Damage    Failure   Level
 Necrotise                Necr           100%       1d9       0%          1
 Vampiric Draining        Necr           100%       2d13      0%          3
 Apportation              Tloc           100%       N/A       1%          1
 Magic Dart               Conj           100%       1d8       1%          1
 Shock                    Conj/Air       100%       1d9       1%          1
 Slow                     Hex            100%       N/A       1%          1
 Summon Small Mammal      Summ           100%       N/A       1%          1
 Call Imp                 Summ           50%        N/A       1%          2
 Ensorcelled Hibernation  Hex/Ice        86%        N/A       1%          2
 Passwall                 Tmut/Erth      63%        N/A       1%          2
 Poisonous Vapours        Pois/Air       100%       N/A       1%          2
 Dazzling Flash           Conj/Hex       94%        N/A       1%          3
 Hailstorm                Conj/Ice       59%        3d13      1%          3
 Mephitic Cloud           Conj/Pois/Air  65%        N/A       1%          3
 Spider Form              Tmut/Pois      80%        N/A       1%          3
 Swiftness                Air            84%        N/A       1%          3
 Airstrike                Air            42%        2d(6-22)  1%          4
 Anguish                  Hex/Necr       37%        N/A       1%          4
 Animate Dead             Necr           100%       N/A       1%          4
 Petrify                  Tmut/Erth      76%        N/A       1%          4
 Agony                    Necr           100%       N/A       1%          5
 Blade Hands              Tmut           52%        N/A       1%          5
 Irradiate                Conj/Tmut      43%        3d26      1%          5
 Yara's Violent Unravell  Hex/Tmut       38%        3d15      1%          5
 Confusing Touch          Hex            25%        N/A       3%          3
 Summon Guardian Golem    Hex/Summ       25%        N/A       3%          3
 Tukima's Dance           Hex            25%        N/A       3%          3
 Simulacrum               Ice/Necr       41%        N/A       3%          6
 Silence                  Hex/Air        31%        N/A       4%          5
 Statue Form              Tmut/Erth      50%        N/A       7%          6
 Leda's Liquefaction      Hex/Erth       12%        N/A       12%         4
 Metabolic Englaciation   Hex/Ice        21%        N/A       14%         5
 Lee's Rapid Deconstruct  Erth           12%        3d9*      32%         5
 Haunt                    Necr/Summ      37%        N/A       41%         7
 Orb of Destruction       Conj           31%        9d10      77%         7
 Spellforged Servitor     Conj/Summ      23%        N/A       98%         7
 Lehudib's Crystal Spear  Conj/Erth      23%        10d7      100%        8


Dungeon Overview and Level Annotations

Branches:
Dungeon (15/15)            Temple (1/1) D:6            Lair (5/5) D:10
 Shoals (4/4) Lair:2        Snake (4/4) Lair:2        Slime (0/5) Lair:4
    Orc (2/2) D:11            Elf (0/3) Orc:2        Vaults (3/5) D:13
 Depths (0/4) D:15        Ossuary (visited)          Bailey (visited)
  IceCv (visited)
  Crypt: Vaults:2-3

Altars:
Ashenzari
Cheibriados
Dithmenos
Elyvilon
Fedhas
Gozag
Hepliaklqana
Kikubaaqudgha
Makhleb
Nemelex Xobeh
Okawaru
Qazlal
Ru
Sif Muna
Trog
Uskayaw
Vehumet
Wu Jian
Xom
Yredelemnul
Zin
The Shining One
Jiyva

Shops:
D:1 (   D:2 (   D:5 [   D:10 =   D:14 (   Orc:2 ?*:(*   Shoals:2 (   Shoals:3 [
Snake:3 *   Snake:4 =::   Vaults:3 (

Portals:
Pandemonium: Orc:2
Trove: D:12 (give +5 demon whip)

Annotations:
D:2 Sigmund
Snake:4 1 exclusion


Message History

A freezing mist starts to gather...
An ironbound preserver simulacrum comes into view.
The yaktaur captain's soul is no longer bound.
The yaktaur captain hits you but does no damage.
Unknown command.
You claw the vault warden! Your bite misses the vault warden.
The vault warden is lightly wounded.
The vault warden hits you with a +2 great mace.
The vault warden hits you with a +0 bardiche!!
The yaktaur captain hits you!
Unknown command.
You maul the vault warden!!!
You bite the vault warden.
The vault warden is severely wounded.
The runic seal fades away.
The vault warden hits you with a +0 bardiche.
The vault warden hits you with a +2 great mace!
Unknown command.
You maul the vault warden!!!
You kill the vault warden!
Cheibriados appreciates the change of pace.
The runic seals fade away.
A freezing mist starts to gather...
A vault warden simulacrum comes into view.
The yaktaur captain hits you but does no damage.
The vault warden activates a sealing rune.
You maul the ironbound preserver simulacrum!!!!
The ironbound preserver simulacrum vaporises!
The yaktaur captain hits you!
* * * LOW HITPOINT WARNING * * *
Unknown command.
You completely miss the vault warden simulacrum.
You tail-slap the vault warden simulacrum.
You bite the vault warden simulacrum.
The vault warden simulacrum is moderately damaged.
The vault warden hits you with a +0 bardiche!!
* * * LOW HITPOINT WARNING * * *
The vault warden simulacrum hits you!
* * * LOW HITPOINT WARNING * * *
The vault warden simulacrum freezes you!!
You feel a terrible chill!
You die...

.................................
###.............#################
#.............# #.............#
#.....).......###
#...##)#####..+.#####.
#...#......#..#...+...
#...#......#.)p○..+...
#...#......#..DZ..+...
#...#......#..#c#####.
#...#......#..### #...#......#..#
#...#......#..# # #...#......#..#
###...#......+..#
.##...#......#..#########
..'...#......#..'........


You could see a vault warden (soul bound), a yaktaur captain and a vault warden
simulacrum.

Vanquished Creatures
  Mlioglotl (Snake:4)
  Polyphemus (Shoals:3)
  A sphinx (Vaults:2)
  Ilsuiw (Shoals:4)
  A fenstrider witch (Shoals:2)
  6 nagarajas
  6 vault wardens
  A frost giant (IceCv)
  Aizul (Snake:4)
  12 ironbound preservers
  4 orc warlords
  9 very ugly things
  A war gargoyle (D:13)
  6 ironbound thunderhulks
  A stone giant (D:15)
  11 dire elephants
  An ettin (D:13)
  15 merfolk impalers
  Josephine (Orc:2)
  An entropy weaver (Vaults:2)
  8 merfolk javelineers
  3 great orbs of eyes
  3 yaktaur captains
  6 hydras
  2 salamander tyrants (Snake:4)
  4 vault guards
  Fannar (Orc:1)
  2 demonspawn (Orc:2)
  8 anacondas
  3 catoblepae
  8 boulder beetles
  3 ironbound frosthearts
  3 alligator snapping turtles
  7 two-headed ogres
  19 centaur warriors
  2 merfolk aquamancers (Shoals:4)
  3 tengu warriors (D:15)
  2 satyrs
  16 death yaks
  6 orc high priests (Orc:2)
  7 shock serpents
  17 naga warriors
  7 naga sharpshooters
  A salamander mystic (Snake:4)
  A fire crab (Lair:5)
  2 skysharks (Shoals:3)
  2 spectral anacondas (Snake:4)
  7 naga ritualists
  29 deep trolls
  16 sea snakes
  A kraken simulacrum (Shoals:4)
  17 ironbound convokers
  20 harpies
  3 lindwurms
  14 orc knights
  A deep elf zephyrmancer (D:14)
  An anaconda skeleton (Snake:4)
  A phantasmal warrior (Vaults:1)
  8 mana vipers
  6 wizards
  A necromancer (Vaults:3)
  3 deep elf pyromancers
  6 orc sorcerers
  6 cyclopes
  17 manticores
  23 ugly things
  3 fauns
  7 salamanders
  6 merfolk sirens
  18 elephants
  13 vault sentinels
  A guardian serpent (Snake:4)
  6 water nymphs
  13 naga magi
  27 black mambas
  An ice statue (IceCv)
  9 gargoyles
  A spectral sea snake (Snake:4)
  An orange demon (Orc:2)
  4 cane toads
  A torpor snail (Lair:1)
  4 kobold demonologists
  8 rime drakes
  18 yaktaurs
  An unseen horror (shapeshifter) (D:13)
  10 komodo dragons
  2 sea snake skeletons (Snake:4)
  3 tengu conjurers
  3 spectral nagas (Snake:4)
  2 anaconda simulacra (Snake:4)
  30 merfolk
  5 trolls
  14 polar bears
  A hornet (shapeshifter) (D:15)
  8 wind drakes
  3 raiju (Lair:5)
  2 hornets (D:8)
  10 blink frogs
  A spectral guardian serpent (Snake:4)
  12 dream sheep
  13 snapping turtles
  25 slime creatures
  2 guardian serpent skeletons (Snake:4)
  A shadow (D:11)
  53 yaks
  10 water elementals
  5 wraiths
  5 wyverns
  2 chaos spawn (Orc:2)
  3 basilisks
  A redback (Vaults:2)
  Menkaure (D:5)
  3 steam dragons
  2 vampire mosquitoes (D:14)
  54 nagas
  10 wargs
  Duvessa (D:4)
  A naga skeleton (Snake:4)
  8 water moccasins
  2 acid dragons
  14 hell hounds (Lair:5)
  A guardian serpent simulacrum (Snake:4)
  16 black bears
  A swamp drake (D:11)
  A sky beast (D:6)
  36 orc warriors
  3 ice beasts
  8 centaurs
  3 ogres
  42 wolves
  11 kobold brigands
  An elf zombie (Ossuary)
  9 bullfrogs
  A naga simulacrum (Snake:4)
  3 scorpions
  A wight (D:6)
  Dowan (D:4)
  11 killer bees
  2 vampire bats (Lair:4)
  10 howler monkeys
  4 electric eels
  2 hounds
  4 centaur zombies (Ossuary)
  Crazy Yiuf (D:6)
  5 jellies
  33 orc priests
  3 gnoll boudas
  3 iguanas
  A sleepcap (D:4)
  26 orc wizards
  3 mummies (Ossuary)
  30 gnolls
  4 adders
  A white imp (D:6)
  An ufetubus (D:6)
  5 adder zombies (Ossuary)
  2 dart slugs (D:1)
  124 orcs
  6 ball pythons
  7 endoplasms
  2 giant cockroaches
  A gnoll zombie (Ossuary)
  2 goblins
  8 hobgoblins
  9 jackals
  3 quokkas
  13 bats
  4 frilled lizards
  7 goblin zombies (Ossuary)
  4 hobgoblin zombies (Ossuary)
  6 jackal zombies (Ossuary)
  36 kobolds
  4 orc zombies (Ossuary)
  2 quokka zombies (Ossuary)
  2 rats
  3 rat zombies (Ossuary)
1403 creatures vanquished.

Vanquished Creatures (others)
  2 starspawn tentacles (Snake:4)
  3 tentacles (Shoals:4)
5 creatures vanquished.

Grand Total: 1408 creatures vanquished

Notes
Turn   | Place    | Note
-------+----------+-------------------------------------------
     0 | D:1      | SnakkuSnakku7 the Deep Elf Transmuter began the quest for
                  | the Orb.
     0 | D:1      | Reached XP level 1. HP: 11/11 MP: 6/6
   195 | D:1      | Reached XP level 2. HP: 15/16 MP: 8/8
   218 | D:1      | Learned a level 2 spell: Wereblood
   598 | D:1      | Found Ukuxki's Weapon Boutique.
   790 | D:2      | Reached XP level 3. HP: 13/20 MP: 7/9
   798 | D:2      | Learned a level 3 spell: Spider Form
   878 | D:2      | Noticed Sigmund
  1082 | D:3      | Reached skill level 1 in Poison Magic
  1095 | D:3      | Reached XP level 4. HP: 9/24 MP: 10/10
  1181 | D:3      | Found the +1 Delatra's gloves {ID++}
  1792 | D:4      | Reached skill level 5 in Transmutations
  1792 | D:4      | Reached XP level 5. HP: 11/28 MP: 4/11
  2165 | D:4      | Found a sparkling altar of Nemelex Xobeh.
  2235 | D:4      | Noticed Dowan
  2258 | D:4      | Reached XP level 6. HP: 27/33 MP: 9/12
  2266 | D:4      | Killed Dowan
  2389 | D:4      | Noticed Duvessa
  2414 | D:4      | Killed Duvessa
  2427 | D:4      | Learned a level 4 spell: Ice Form
  2848 | D:4      | Found a burning altar of Makhleb.
  2855 | D:4      | Reached skill level 1 in Ice Magic
  3093 | D:5      | Entered Level 5 of the Dungeon
  3133 | D:5      | Reached XP level 7. HP: 33/37 MP: 13/13
  3555 | D:5      | Noticed Menkaure
  3567 | D:5      | Killed Menkaure
  3736 | D:5      | Found Joqesch's Armour Shoppe.
  3776 | D:5      | HP: 1/37 [poisoned by a scorpion]
  4108 | D:6      | Reached XP level 8. HP: 38/42 MP: 11/14
  4242 | D:6      | Found a shimmering altar of Xom.
  4588 | D:6      | Reached skill level 10 in Transmutations
  4779 | D:6      | Found a bloodstained altar of Trog.
  4959 | D:6      | Found a staircase to the Ecumenical Temple.
  4981 | Temple   | Entered the Ecumenical Temple
  4990 | Temple   | Became a worshipper of Cheibriados the Contemplative
  5233 | D:6      | Found a runed translucent door.
  5234 | D:6      | Noticed Crazy Yiuf
  5300 | D:6      | Killed Crazy Yiuf
  5494 | D:7      | Reached skill level 5 in Unarmed Combat
  5630 | D:7      | Reached XP level 9. HP: 44/46 MP: 10/15
  5637 | D:7      | Found a sand-covered staircase.
  5644 | Ossuary  | Entered an ossuary
  5661 | Ossuary  | Reached * piety under Cheibriados
  5797 | Ossuary  | Reached ** piety under Cheibriados
  5911 | Ossuary  | Reached XP level 10. HP: 66/66 MP: 12/16
  5912 | Ossuary  | Reached XP level 11. HP: 76/76 MP: 12/17
  6587 | D:8      | Reached *** piety under Cheibriados
  6780 | D:8      | Got the Elucidation of Envenoming
  6878 | D:9      | Found a basalt altar of Yredelemnul.
  6988 | D:9      | Found a flagged portal.
  6997 | Bailey   | Entered a bailey
  7138 | Bailey   | Noticed an orc knight
  7148 | Bailey   | Killed an orc knight
  7197 | Bailey   | Reached **** piety under Cheibriados
  7223 | Bailey   | Reached skill level 10 in Unarmed Combat
  7223 | Bailey   | Reached XP level 12. HP: 71/71 MP: 15/18
  7305 | D:9      | Found an ancient bone altar of Kikubaaqudgha.
  7419 | D:9      | Found a radiant altar of Vehumet.
  7419 | D:9      | Found a faded altar of an unknown god.
  7427 | D:9      | Found an opulent altar of Gozag.
  7429 | D:9      | Found a shimmering blue altar of Sif Muna.
  7431 | D:9      | Found a shadowy altar of Dithmenos.
  8025 | D:10     | Entered Level 10 of the Dungeon
  8028 | D:10     | Noticed a two-headed ogre
  8180 | D:10     | Found a staircase to the Lair.
  8191 | D:10     | Reached ***** piety under Cheibriados
  8511 | D:10     | Killed a two-headed ogre
  8543 | D:10     | Noticed a two-headed ogre
  8547 | D:10     | Killed a two-headed ogre
  8659 | D:10     | Found Lomaev's Jewellery Boutique.
  9083 | Lair:1   | Entered Level 1 of the Lair of Beasts
  9140 | Lair:1   | Noticed a catoblepas
  9149 | Lair:1   | Reached XP level 13. HP: 80/85 MP: 19/19
  9220 | Lair:1   | Reached skill level 5 in Dodging
  9787 | Lair:2   | Found a staircase to the Snake Pit.
 10206 | Lair:2   | Found a staircase to the Shoals.
 10857 | Lair:3   | Learned a level 5 spell: Alistair's Intoxication
 10881 | Lair:3   | Reached skill level 10 in Dodging
 11035 | Lair:3   | Reached ****** piety under Cheibriados
 11351 | Lair:3   | Reached skill level 1 in Invocations
 11839 | Lair:4   | Reached skill level 5 in Invocations
 12038 | Lair:4   | Found a runed translucent door.
 12038 | Lair:4   | Found a viscous altar of Jiyva.
 12039 | Lair:4   | Found a staircase to the Slime Pits.
 12188 | Lair:4   | Reached XP level 14. HP: 91/91 MP: 16/20
 12633 | Lair:5   | Entered Level 5 of the Lair of Beasts
 13450 | Lair:5   | Reached skill level 10 in Invocations
 13459 | Lair:5   | Reached skill level 1 in Evocations
 13877 | Lair:5   | Reached skill level 5 in Evocations
 13896 | Lair:5   | Identified the -1 helmet "Nyklaibe" {rElec rN+}
 13955 | Lair:5   | Identified the +0 robe of Sonnyoso {rC+}
 13976 | Lair:5   | Identified the +4 shortbow "Jics" {drain, rElec rC- rCorr
                  | Int+3}
 14812 | D:2      | Found Itisy's Antique Weapon Shoppe.
 15244 | D:3      | Identified 2 scrolls of acquirement
 15244 | D:3      | Acquired the staff of cold "Rehy" {*Corrode rC+ Str+2 Int+6
                  | SInv}
 15246 | D:3      | Acquired 1152 gold pieces
 15964 | D:11     | Found a staircase to the Orcish Mines.
 16637 | Orc:1    | Entered Level 1 of the Orcish Mines
 16647 | Orc:1    | Reached XP level 15. HP: 96/96 MP: 18/24
 16750 | Orc:1    | Noticed Fannar
 16762 | Orc:1    | Killed Fannar
 17321 | Orc:2    | Entered Level 2 of the Orcish Mines
 17321 | Orc:2    | Found a staircase to the Elven Halls.
 17482 | Orc:2    | Noticed Josephine
 17493 | Orc:2    | Killed Josephine
 17685 | Orc:2    | Found Inys's General Store.
 17690 | Orc:2    | Found Seifi Pev's Specific Store.
 17694 | Orc:2    | Bought a +2 helmet for 264 gold pieces
 17984 | Orc:2    | Found Eduuwol's General Store.
 17985 | Orc:2    | Found Bar Desk's Magic Scroll Emporium.
 18044 | Orc:2    | Bought a scroll of fog for 52 gold pieces
 18044 | Orc:2    | Bought a scroll of fog for 52 gold pieces
 18044 | Orc:2    | Bought a scroll of blinking for 97 gold pieces
 18044 | Orc:2    | Bought a scroll of magic mapping for 97 gold pieces
 18046 | Orc:2    | Bought a scroll of blinking for 82 gold pieces
 18046 | Orc:2    | Bought a scroll of fog for 44 gold pieces
 18046 | Orc:2    | Bought a scroll of fear for 44 gold pieces
 18052 | Orc:2    | Bought a phantom mirror for 440 gold pieces
 18508 | Orc:2    | Found Fot Roex's Book Shop.
 18508 | Orc:2    | Found a one-way gate leading to the halls of Pandemonium.
 18508 | Orc:2    | Found Wemoimni's Antique Weapon Boutique.
 18525 | Orc:2    | Bought a book of Vapours for 312 gold pieces
 18531 | Orc:2    | Learned a level 5 spell: Freezing Cloud
 18785 | D:12     | Reached skill level 1 in Conjurations
 18785 | D:12     | Reached skill level 1 in Air Magic
 18871 | D:12     | You fall into a shaft and drop 2 floors!
 19226 | D:13     | Found a frozen archway.
 19235 | IceCv    | Entered an ice cave
 19505 | IceCv    | Reached skill level 5 in Conjurations
 19529 | IceCv    | Noticed a frost giant
 19539 | IceCv    | Killed a frost giant
 19540 | IceCv    | Reached skill level 5 in Air Magic
 20073 | D:13     | Found a glowing silver altar of Zin.
 20114 | D:13     | Reached XP level 16. HP: 101/101 MP: 25/25
 20416 | D:13     | Found a gate to the Vaults.
 20904 | D:12     | Found a portal to a secret trove of treasure.
 21075 | D:14     | Found Rirakhlisue's Weapon Boutique.
 21716 | D:15     | Entered Level 15 of the Dungeon
 22061 | D:15     | Reached skill level 10 in Air Magic
 22182 | D:15     | Found a staircase to the Depths.
 23087 | D:10     | Bought an amulet of the acrobat for 480 gold pieces
 23171 | Snake:1  | Entered Level 1 of the Snake Pit
 26010 | Snake:3  | Reached XP level 17. HP: 91/106 MP: 26/26
 26822 | Snake:3  | Found Vojier's General Store.
 26826 | Snake:3  | Bought a book of Transfigurations for 600 gold pieces
 26826 | Snake:3  | Bought a scroll of teleportation for 45 gold pieces
 26826 | Snake:3  | Bought a scroll of teleportation for 45 gold pieces
 27261 | Snake:2  | Learned a level 7 spell: Dragon Form
 27568 | Snake:4  | Entered Level 4 of the Snake Pit
 27958 | Snake:4  | Found Atzetud's Jewellery Boutique.
 27958 | Snake:4  | Found Ceajyjast's Book Shoppe.
 27959 | Snake:4  | Found Hiqanaul's Book Shoppe.
 27974 | Snake:4  | Reached skill level 15 in Transmutations
 28080 | Snake:4  | Noticed Mlioglotl
 28099 | Snake:4  | Killed Mlioglotl
 28858 | Snake:4  | Reached skill level 5 in Spellcasting
 29017 | Snake:4  | Noticed Aizul
 29025 | Snake:4  | Killed Aizul
 29252 | Snake:4  | Learned a level 4 spell: Passage of Golubria
 29266 | Snake:4  | Reached skill level 1 in Translocations
 29535 | Snake:4  | Got a serpentine rune of Zot
 29779 | Shoals:1 | Entered Level 1 of the Shoals
 29987 | Shoals:1 | Reached skill level 5 in Translocations
 30193 | Shoals:1 | Found a runed translucent door.
 30240 | Shoals:1 | Acquired a book of Death
 30444 | Shoals:2 | Found Lihu Ova's Weapon Boutique.
 30525 | Shoals:2 | Identified the +12 mace of Xesirom {freeze, rF+++ Str-2
                  | Int+2 SInv}
 30560 | Shoals:2 | Reached XP level 18. HP: 112/112 MP: 24/32
 30935 | Shoals:3 | Found Xic Biedgh's Armour Shop.
 30946 | Shoals:3 | Bought a +2 pair of gloves for 264 gold pieces
 30972 | Shoals:3 | Noticed Polyphemus
 30982 | Shoals:3 | Killed Polyphemus
 31734 | Shoals:4 | Entered Level 4 of the Shoals
 32116 | Shoals:4 | Reached skill level 1 in Necromancy
 32117 | Shoals:4 | Noticed Ilsuiw
 32128 | Shoals:4 | Killed Ilsuiw
 32519 | Shoals:4 | Reached skill level 5 in Necromancy
 32814 | Shoals:4 | Identified the +11 rapier "Sulabaos" {holy, Drain rPois
                  | rCorr Str+3}
 32922 | Shoals:4 | Got a barnacled rune of Zot
 33193 | Vaults:1 | Entered Level 1 of the Vaults
 33587 | Vaults:1 | Reached skill level 10 in Necromancy
 33702 | Vaults:1 | Identified the +5 falchion of Yredelemnul's Wrath {protect,
                  | Str+5 SInv}
 33784 | Vaults:1 | Reached XP level 19. HP: 94/120 MP: 33/33
 35061 | Vaults:1 | Reached skill level 15 in Necromancy
 35584 | Vaults:2 | Reached skill level 10 in Spellcasting
 35606 | Vaults:2 | Learned a level 8 spell: Infestation
 36514 | Vaults:2 | Identified the +5 great sword of the Screaming Augurer
                  | {speed, rElec Int+8 Dex-4}
 36611 | Vaults:2 | Acquired a +2 buckler of protection
 36675 | Vaults:2 | Reached skill level 1 in Shields
 36900 | Vaults:2 | Reached XP level 20. HP: 94/127 MP: 33/38
 37297 | Vaults:3 | Paralysed by a great orb of eyes for 3 turns
 37375 | Vaults:3 | Reached skill level 5 in Shields
 37381 | Vaults:3 | Reached skill level 1 in Armour
 37483 | Vaults:3 | Found Gygeokubbi's Antique Weapon Shoppe.
 37564 | Vaults:3 | Reached skill level 15 in Unarmed Combat
 37825 | Vaults:3 | HP: 6/190 [vault warden simulacrum (7)]
 37825 | Vaults:3 | Annihilated by a vault warden simulacrum

Illustrated notes

Levels and vault maps discovered:
D:1:      nicolae_arrival_somewhat_less_tricky_arrival, layout_basic,
          serial_shops, nicolae_shop_tiny_glass, minmay_tiny_reverse_x
D:2:      layout_basic, serial_shops, shop, uniq_sigmund
D:3:      layout_loops_ring, pf_guarded_unrand_delatra
D:4:      layout_loops_corners, makhleb_blood_cavern_becter,
          mainiacjoe_overflow_catwalk, minmay_misc_feat_columns,
          minmay_misc_feat_pillars, corexii_checkpoint_a, uniq_duvessa
D:5:      layout_cave_pools, serial_shops, nicolae_shop_real_fake_doors,
          kennysheep_donut, uniq_menkaure
D:6:      minmay_diamond_boxcup, layout_loops_corners,
          mainiacjoe_overflow_alcove_1, old_standard_altar,
          minmay_temple_entry_stoned_glass, minmay_stone_trees_small,
          minmay_small_thing, uniq_crazy_yiuf_cottage
D:7:      layout_loops_cross, nicolae_ossuary_entry_monument
D:8:      layout_rooms
D:9:      minmay_inner_zag, layout_loops_ring, kiku_gazebo_garden_becter,
          chequers_temple_overflow_minitemple, lemuel_tele_altar,
          enter_bailey_2, serial_bayou_lagoon_a
D:10:     layout_loops_corners, erik_lair_orcish_takeover, serial_shops, shop,
          roderic_lattice_a
D:11:     minmay_recursive_quarters, layout_irregular_city, erik_orc_1,
          serial_bayou, serial_bayou_pond_e, serial_bayou_pond_c,
          serial_bayou_ford_a, serial_bayou_pond_a, kb_lookout_dungeons_type,
          dreamdust_gnoll_shepherd
D:12:     layout_roguey, enter_trove_3
D:13:     gargoyle_guard, layout_long_grid, david_vaults_5,
          portal_ice_cave_entry_pillars_1, zin_treasury
D:14:     layout_loops_corners, serial_shops,
          nicolae_shop_temple_entry_statues_fountains, special_room
          [special_room_orc], serial_park_tiny_pond
D:15:     grunt_enter_depths_snipers, layout_stronghold, nrook_uturn
Temple:   nicolae_temple_no_exploring_needed
Lair:1:   layout_chaotic_city, serial_bayou_crossing
Lair:2:   layout_cave_pods, elwin_shoals_entry_rooms,
          guppyfry_snake_entry_garden, chequers_serial_rivers_micro_a
Lair:3:   layout_small_grid, infiniplex_staircase_pool_2, grunt_megastairs_1,
          lemuel_fruit_tree
Lair:4:   layout_long_grid, slime_entry_2, st_stairs_11,
          gammafunk_lair_bear_cave
Lair:5:   hangedman_lair_caniforms_friends, layout_layer_cave, roderic_batcave
Shoals:1: nicolae_shoals_offshore_bank_account, layout_shoals,
          nicolae_shoals_loop_pool
Shoals:2: layout_shoals, serial_shops, nicolae_shop_window_shopping,
          nicolae_shoals_beach_house_on_fowls_legs
Shoals:3: layout_shoals, serial_shops, nicolae_square_shop, uniq_polyphemus
Shoals:4: shoals_end_grunt_ice, layout_shoals, shoal_ilsuiw
Snake:1:  layout_basic
Snake:2:  layout_chambers
Snake:3:  layout_chambers, minmay_shop_star, serial_bayou_shore_a
Snake:4:  minmay_snake_end_coiled, layout_misc_corridors,
          nicolae_snake_the_dead_are_slithering, minmay_shop_grove,
          uniq_mlioglotl, uniq_aizul
Orc:1:    layout_diamond_mine, minmay_orc_barracks, uniq_fannar
Orc:2:    pf_orc_diabolical, layout_caves, basic_altar, special_room,
          nicolae_specific_store, uniq_josephine
Vaults:1: v_alt_pattern_4, v_misc_2, vaults_dpeg_cross,
          nicolae_vaults_rhombus_7, nicolae_vaults_double_plus_2,
          nicolae_vaults_diffraction_hallways, ontoclasm_vaults_spin,
          nicolae_vaults_arrows, nicolae_vaults_layer_cake_slice, v_misc_5,
          nicolae_vaults_closet_pinwheel_4, layout_vaults_omnibox
Vaults:2: nicolae_vaults_little_squares_4, v_alt_pattern_6,
          hangedman_vaults_stitches, nicolae_vaults_tetromino_L_1, v_misc_8,
          hangedman_vaults_corner, v_misc_10, nicolae_vaults_oval_intersection,
          nicolae_vaults_trapezoid_1, layout_vaults_omnigrid
Vaults:3: nicolae_vaults_triangles, nicolae_vaults_little_squares_6,
          hangedman_vaults_nails, v_misc_3, nicolae_vaults_border_crossing,
          minmay_crypt_entry_necro_gods, v_misc_8, v_misc_10,
          nicolae_vaults_surprise_closet, nicolae_vaults_oozy_zoo,
          nicolae_vaults_little_ls, nicolae_vaults_gold_heap,
          nicolae_vaults_diamond_1, layout_vaults_omnicross, serial_shops, shop

Skill      XL: |  1  2  3  4  5  6  7  8  9 10 11 12 13 14 15 16 17 18 19 20 |
---------------+-------------------------------------------------------------+-----
Transmutations | 3 5 6 7 8 10 11 14 15 | 15.9
Unarmed Combat | 3 6 10 12 14 15 | 15.3
Poison Magic   | 1 2 |  2.0
Ice Magic      | 1 4 |  4.0
Fighting       | 9 11 13 14 | 14.1
Dodging        | 3 12 | 12.0
Invocations    | 6 10 | 10.0
Evocations     | 8 |  8.0
Conjurations   | 5 |  5.0
Air Magic      | 7 10 | 10.0
Spellcasting   | 8 12 | 12.0
Translocations | 7 8 |  8.0
Necromancy     | 10 15 | 15.0
Shields        | 3 5 |  5.0
Armour         | 1 |  1.6

Action                     |  1- 3 |  4- 6 |  7- 9 | 10-12 | 13-15 | 16-18 | 19-21 || total
---------------------------+-------+-------+-------+-------+-------+-------+-------++-------
  Melee: Unarmed           |   142 |   180 |   303 |   268 |  1352 |  1092 |   353 ||  3690
         Kick              |    16 |    11 |       |       |       |       |       ||    27
         Headbutt          |    10 |     6 |       |       |       |       |       ||    16
         Punch             |     1 |     2 |       |       |    13 |    70 |    40 ||   126
         Staff             |       |       |       |       |    35 |    82 |     9 ||   126
         Tailslap          |       |       |       |       |       |   110 |    84 ||   194
         Bite              |       |       |       |       |       |    94 |    53 ||   147
   Cast: Beastly Appendage |    12 |     7 |     1 |       |       |       |       ||    20
         Spider Form       |       |    10 |     6 |       |       |       |       ||    16
         Wereblood         |       |     3 |     7 |     7 |    27 |    19 |     2 ||    65
         Ice Form          |       |       |    15 |    22 |    71 |    54 |       ||   162
         Freezing Cloud    |       |       |       |       |       |     5 |     1 ||     6
         Dragon Form       |       |       |       |       |       |    62 |    30 ||    92
 Invoke: Step From Time    |       |       |       |       |     1 |       |       ||     1
         Temporal Distorti |       |       |       |       |       |     6 |     2 ||     8
Ability: End Transformatio |       |       |     1 |     1 |     1 |     6 |     5 ||    14
         Breathe Fire      |       |       |       |       |       |     2 |       ||     2
  Evoke: Wand              |       |     1 |     1 |     3 |     8 |     4 |       ||    17
    Use: Potion            |     2 |       |     1 |     2 |     3 |     4 |     2 ||    14
         Scroll            |       |       |     9 |     7 |    17 |    12 |     4 ||    49
   Stab: Sleeping          |     1 |     2 |     3 |    11 |     3 |     4 |     2 ||    26
         Paralysed         |       |     6 |     6 |     6 |       |     2 |       ||    20
         Petrified         |       |       |       |       |    13 |       |       ||    13
         Distracted        |       |       |       |       |       |     2 |     1 ||     3
 Armour: Robe              |    33 |    10 |     1 |       |       |       |       ||    44
         Skin              |     2 |     3 |    65 |    97 |   381 |   298 |    90 ||   936
         Leather armour    |       |       |    11 |     7 |       |       |       ||    18
         Acid dragon scale |       |       |       |     1 |    41 |     5 |       ||    47
         Fire dragon scale |       |       |       |       |       |    34 |     3 ||    37
  Dodge: Dodged            |    96 |   143 |   242 |   272 |  1963 |  1704 |   342 ||  4762
  Block: Buckler           |       |       |       |       |       |       |     6 ||     6
